 Dungeon Crawl Stone Soup version 0.29-a0-330-g52719c12eb (webtiles) character file.

Game seed: 14659879033155944233

91 kae the Firebug (level 4, 0/28 HPs)
             Began as an Octopode Fire Elementalist on Apr 16, 2022.
             Slain by a hobgoblin (7 damage)
             ... led by Robin
             ... on level 1 of the Dungeon.
             The game lasted 00:01:33 (2736 turns).

kae the Firebug (Octopode Fire Elementalist)        Turns: 2736, Time: 00:01:34

Health: 0/28       AC:  1    Str:  7    XL:     4   Next: 59%
Magic:  5/7        EV: 13    Int: 19    God:
Gold:   85         SH:  0    Dex: 12    Spells: 1/7 levels left

rFire   . . .      SeeInvis .   c - +0 dagger (speed)
rCold   . . .      Faith    .   (no shield)
rNeg    + . .      Spirit   .   (helmet restricted)
rPois   .          Reflect  .   (no amulet)
rElec   .          Harm     .   d - ring of positive energy
rCorr   .          Rampage  .   (no ring)
Will    .....                   (no ring)
Stlth   +++.......              (no ring)
HPRegen 0.09/turn               (no ring)
MPRegen 0.10/turn               (no ring)
                                (no ring)
                                (no ring)

@: no status effects
A: almost no armour, amphibious, 8 rings, camouflage 1, gelatinous body 1,
(nimble swimmer 1), tentacles
a: no special abilities


You were on level 1 of the Dungeon.
You visited 1 branch of the dungeon, and saw 2 of its levels.

You collected 85 gold pieces.

Inventory:

Hand Weapons
 c - a +0 dagger of speed (weapon)
Jewellery
 d - a ring of positive energy (left tentacle)
Scrolls
 b - a scroll of silence {unknown}
Potions
 a - a potion of magic
 e - a potion of cancellation
 g - a potion of resistance {unknown}


   Skills:
 + Level 1.2 Fighting
 + Level 2.4 Dodging
 + Level 3.5 Stealth
 + Level 2.4 Spellcasting
 + Level 1.6 Conjurations
 * Level 3.8 Fire Magic


You had one spell level left.
You knew the following spells:

 Your Spells              Type           Power      Damage    Failure   Level
a - Foxfire               Conj/Fire      48%        2x1d6     5%          1
b - Scorch                Fire           34%        2d7       4%          2
c - Conjure Flame         Conj/Fire      12%        6-21      16%         3

Your spell library contained the following spells:

 Spells                   Type           Power      Damage    Failure   Level
 Inner Flame              Hex/Fire       9%         N/A       22%         3
 Flame Wave               Conj/Fire      12%        2d6       45%         4


Dungeon Overview and Level Annotations

Branches:
Dungeon (2/15)

Altars:

Annotations:
D:2 Robin, Terence


Innate Abilities, Weirdness & Mutations

You cannot wear most types of armour.
You are amphibious.
You can wear up to eight rings at the same time.
Your skin changes colour to match your surroundings (Stealth+).
Your rubbery body absorbs attacks. (AC +1, EV +1)
((You are camouflaged when in or above water. (Stealth+)))
You have tentacles for arms and can constrict up to eight enemies at once.


Message History

There is a stone staircase leading down here.
You climb downwards.
Level annotation: Robin, Terence The goblin closely misses you.
There is a stone staircase leading up here.
You hit the goblin. Your grab misses the goblin.
The goblin is almost dead.
The goblin hits you with a +0 dagger.
You hit the goblin but do no damage. Your grab misses the goblin.
The goblin is almost dead.
The goblin hits you with a +0 dagger.
You hit the goblin.
You kill the goblin!
Robin roars a battlecry!
The goblins go into a battle-frenzy!
The goblin closely misses you.
Items here: ))) [.
You closely miss the goblin. You grab the goblin.
You constrict the goblin, but do no damage.
The goblin hits you with a +0 dagger.
You release your grip on the goblin.
The goblin attacks as you move away! The goblin hits you with a +0 dagger.
There is a stone staircase leading up here.
You miss the goblin. Your grab misses the goblin.
You hit the goblin but do no damage. Your grab misses the goblin.
The goblin closely misses you.
You hit the goblin. You grab the goblin. You squeeze the goblin.
You kill the goblin!
The hobgoblin hits you.
You climb upwards.
There is a stone staircase leading down here.
Casting: Foxfire (safe; 5% risk of failure)
Confirm with . or Enter, or press ? or * to list all spells.
Flames lash the hobgoblin.
The hobgoblin is moderately wounded.
The hobgoblin's fire resistance burns away.
The hobgoblin hits you.
* * * LOW HITPOINT WARNING * * *
The hobgoblin hits you!
You die...

#..#.#.#..######.##..
##.#.#.#.......#.#...
#)#.#.#.#####.#.#.#.
#.#.#.#.......#.#...
#.#.#.#########.####
#.#.#........##.#
#...########.##.#
##[.# #......##.#
#g@# #.#######.# ####
#.# #.# #.# #.# #.#
#.# #.# #.# #.# #.#
#.# #.# #.# #.#
#.#######.#


You could see a hobgoblin (strong, combustible).

Vanquished Creatures
  An orc wizard (D:1)
  A gnoll (D:1)
  A worm (D:2)
  4 orcs
  3 bats
  7 endoplasms
  2 giant cockroaches
  10 goblins
  4 hobgoblins
  3 jackals (D:1)
  3 ball pythons (D:1)
  A frilled lizard (D:1)
  3 kobolds
  A rat (D:2)
44 creatures vanquished.

Vanquished Creatures (others)
  104 foxfires
104 creatures vanquished.

Grand Total: 148 creatures vanquished

Notes
Turn   | Place    | Note
-------+----------+-------------------------------------------
     0 | D:1      | kae the Octopode Fire Elementalist began the quest for the
                  | Orb.
     0 | D:1      | Reached XP level 1. HP: 11/11 MP: 3/3
   208 | D:1      | Reached XP level 2. HP: 18/18 MP: 0/5
   755 | D:1      | Reached XP level 3. HP: 7/22 MP: 4/6
  1641 | D:2      | Noticed Terence
  1719 | D:1      | HP: 1/22 [orc/+0 hand axe (4)]
  2015 | D:1      | Learned a level 2 spell: Scorch
  2019 | D:1      | Learned a level 3 spell: Conjure Flame
  2035 | D:1      | Reached skill level 1 in Fighting
  2035 | D:1      | Reached XP level 4. HP: 8/28 MP: 0/7
  2526 | D:2      | Identified the +0 helmet of the Hidden Vale {Dex+3 SInv}
  2526 | D:2      | Noticed Robin
  2736 | D:1      | Slain by a hobgoblin

Illustrated notes

Levels and vault maps discovered:
D:1:      eino_arrival_cavern_d, layout_basic
D:2:      minmay_door_path, layout_basic, uniq_robin, uniq_crazy_yiuf_cottage,
          uniq_terence

Skill      XL: |  1  2  3 |
---------------+----------+-----
Stealth        | 3 |  3.5
Fighting       | 1 |  1.2
Dodging        | |  2.4
Spellcasting   | |  2.4
Conjurations   | |  1.6
Fire Magic     | |  3.8

Action                   |  1- 3 |  4- 6 || total
-------------------------+-------+-------++-------
Melee: Unarmed           |     9 |       ||     9
       Tentacles         |    12 |     2 ||    14
       Constrict         |     9 |     4 ||    13
       Dagger            |    30 |    14 ||    44
 Cast: Foxfire           |    43 |    18 ||    61
       Scorch            |     2 |     3 ||     5
  Use: Scroll            |     4 |       ||     4
Armor: Skin              |     4 |     5 ||     9
Dodge: Dodged            |    26 |    29 ||    55

Table legend: (Time is in decaauts)
 A = Elapsed time spent in this place.
 B = Non-inter-level travel time spent in this place.
 C = Inter-level travel time spent in this place.
 D = Time resting spent in this place.
 E = Time spent auto-exploring this place.
 F = Levels seen in this place.
 G = Mean time per level.
                   A        B        C        D        E       F      G
               +--------+--------+--------+--------+--------+-----+--------+
         Total |   2724 |   2578 |    146 |    953 |   1266 |   2 | 1362.0 |
       Dungeon |   2724 |   2578 |    146 |    953 |   1266 |   2 | 1362.0 |
               +--------+--------+--------+--------+--------+-----+--------+

Top non-repeatable levels by time:
     D:1: 2324 daAuts
     D:2: 400 daAuts
